Map: Blackpink LE

Players

Lambo - Winner!

  • Race: Zerg Zerg
  • Spawn Location: 7:00

eonblu

  • Race: Zerg Zerg
  • Spawn Location: 1:00

Event: IEM Season 12 - Katowice

VOD

Have the link to the VOD?

Description

Time

  • Played on: Feb. 27, 2018, 4:35 a.m.
  • Length: 6:49

All games in this series

Show
View Real Time Build Order
Export as new Build Order

Lambo Zerg - Winner!

Build Orders: Hatch First, Zergling Baneling 

Get SALT Encoding   

  12  0:00  Drone  
  13  0:13  Overlord  
  13  0:17  Drone  
  14  0:31  Drone x2  
  16  0:48  Hatchery  
  15  0:51  Drone  
  15  0:55  Drone  
  17  0:57  Drone  
  18  1:08  Extractor  
  17  1:12  Spawning Pool  
  17  1:16  Drone  
  17  1:19  Drone  
  18  1:29  Drone  
  19  1:40  Drone  
  20  1:50  Overlord  
  20  2:00  Queen x2  
  25  2:01  Zergling x4  
  25  2:07  Metabolic Boost  
  26  2:10  Drone  
  26  2:12  Drone  
  28  2:21  Drone  
  29  2:23  Drone  
  30  2:34  Zergling x4  
  32  2:39  Hatchery  
  32  2:44  Drone  
  32  2:50  Overlord  
  32  2:55  Drone  
  33  2:58  Drone  
  34  3:07  Baneling Nest  
  34  3:08  Zergling x8  
  34  3:11  Zergling x4  
  39  3:14  Zergling x2  
  39  3:18  Overlord  
  40  3:22  Zergling x2  
  41  3:31  Zergling x6  
  43  3:36  Queen  
  43  3:40  Overlord  
  45  3:43  Drone  
  45  3:46  Zergling x2  
  45  3:47  Zergling x2  
  48  3:53  Baneling  
  48  3:54  Baneling x5  
  47  3:57  Zergling x4  
  47  3:59  Baneling  
  47  4:02  Drone  
  49  4:05  Drone  
  49  4:09  Drone  
  51  4:12  Drone x3  
  53  4:18  Baneling  
  53  4:21  Drone x2  
  53  4:23  Zergling x6  
  55  4:29  Drone x2  
  55  4:33  Drone x2  
  55  4:35  Baneling  
  57  4:41  Zergling x2  
  58  4:45  Roach Warren  
  58  4:46  Extractor  
  58  4:47  Drone x3  
  58  4:54  Drone x4  
  62  5:00  Drone  
  62  5:01  Drone  
  62  5:07  Drone  
  62  5:10  Drone x2, Zergling x4  
  62  5:11  Baneling x2  
  62  5:15  Extractor  
  62  5:16  Zergling x6  
  62  5:20  Zergling x2  
  65  5:24  Overlord  
  65  5:26  Overlord  
  65  5:32  Roach, Overlord  
  66  5:35  Evolution Chamber  
  64  5:43  Roach x3  
  70  5:50  Roach x5  
  77  5:58  Drone x2  
  77  6:00  Extractor  
  77  6:01  Roach x2  
  77  6:04  Roach  
  81  6:11  Roach  
  81  6:16  Overlord  
  81  6:18  Overlord  
  81  6:19  Roach x2, Zergling x2  
  88  6:26  Overlord  
  88  6:27  Overlord  
Show
View Real Time Build Order
Export as new Build Order

eonblu Zerg 

Build Orders: Hatch First, Zergling Baneling 

Get SALT Encoding   

  12  0:00  Drone  
  13  0:12  Overlord  
  13  0:17  Drone  
  14  0:30  Drone x2  
  16  0:48  Hatchery  
  15  0:52  Drone  
  15  0:55  Drone  
  17  1:06  Extractor  
  17  1:10  Spawning Pool  
  15  1:14  Drone  
  15  1:17  Drone  
  17  1:21  Drone  
  18  1:28  Drone  
  19  1:38  Overlord  
  19  1:57  Queen, Zergling x2  
  19  1:59  Queen  
  19  2:00  Zergling x4  
  26  2:09  Metabolic Boost  
  26  2:12  Drone  
  26  2:14  Drone  
  28  2:21  Drone  
  29  2:23  Drone  
  30  2:38  Hatchery  
  29  2:49  Drone  
  29  2:51  Baneling Nest  
  29  2:54  Overlord  
  28  3:02  Zergling x8  
  32  3:08  Zergling x2  
  32  3:09  Zergling x2  
  34  3:13  Zergling x4  
  34  3:17  Zergling x4  
  38  3:28  Zergling x6  
  39  3:35  Baneling  
  39  3:36  Baneling x2  
  39  3:40  Drone x4  
  42  3:50  Drone  
  42  3:51  Baneling  
  42  3:53  Drone  
  44  3:57  Overlord  
  44  3:58  Drone x2  
  44  4:00  Drone  
  45  4:11  Drone x2  
  45  4:16  Drone x2  
  48  4:19  Drone x2  
  47  4:27  Zergling x16  
  50  4:37  Extractor  
  50  4:38  Zergling x6  
  52  4:40  Roach Warren  
  52  4:42  Zergling x2  
  52  4:43  Zergling x2  
  52  4:45  Baneling x4  
  53  4:52  Zergling x6  
  50  5:08  Drone x2  
  50  5:11  Drone x5  
  54  5:16  Overlord x4  
  49  5:33  Roach x5  
  58  5:40  Roach x3  
  63  5:53  Roach x4  
  63  5:56  Zergling x2  
  74  5:57  Zergling x6  
  74  6:01  Zergling x4  
  75  6:06  Roach  
  75  6:09  Queen  
  78  6:14  Evolution Chamber  
  78  6:17  Roach x3  
  75  6:28  Drone x3  
  75  6:32  Drone x5  
  80  6:35  Drone  
  80  6:36  Drone  

Tags
 
Add a new tag
Caveats
  • Supply blocks, unpowered buildings, or Contaminate may cause inaccurate times.
  • Supply counts are checked every 10 seconds.